 Dungeon Crawl Stone Soup version 0.30.0-20-g3615ddf2f0 (webtiles) character file.

Game seed: 7550540500030955765

113 qw the Chopper (level 4, -3/28 HPs)
             Began as a Gargoyle Fighter on May 28, 2023.
             Slain by a black bear (7 damage)
             ... on level 3 of the Dungeon.
             The game lasted 00:01:06 (2271 turns).

qw the Chopper (Gargoyle Fighter)                   Turns: 2271, Time: 00:01:06

Health: -3/28      AC: 10    Str: 21    XL:     4   Next: 96%
Magic:  4/4        EV:  9    Int:  9    God:
Gold:   99         SH:  4    Dex:  9    Spells: 3/3 levels left

rFire   . . .        i - +0 war axe (vamp)
rCold   . . .        c - +0 buckler
rNeg    + . .        b - +0 scale mail
rPois   inf          (no helmet)
rElec   +            (no cloak)
rCorr   .            (no gloves)
SInv    .            (no boots)
Will    .....        (no amulet) Stlth
                     (no ring)
HPRegen 0.24/turn    (no ring)
MPRegen 0.09/turn

%: no passive effects
@: weak-willed
A: sickness immunity, AC +3, negative energy resistance 1, electricity
resistance, torment resistance 1, petrification resistance
a: no special abilities


You were on level 3 of the Dungeon.
You visited 1 branch of the dungeon, and saw 4 of its levels.

You collected 99 gold pieces.


Innate Abilities, Weirdness & Mutations

You are immune to sickness and miasma.
Your stone body is resilient. (AC +3)
You are immune to poison.
You resist negative energy. (rN+)
You are resistant to electric shocks. (rElec)
You are resistant to unholy torment.
You are immune to petrification.


   Skills:
 - Level 3.2 Fighting
 + Level 4.5 Axes
 - Level 3.2 Armour
 - Level 3.2 Shields


You had 3 spell levels left.
You didn't know any spells.
Your spell library was empty.

Inventory:

Hand Weapons
 g - a +0 flail
 i - a +0 vampiric war axe (weapon)
Missiles
 m - a boomerang (quivered)
Armour
 b - a +0 scale mail (worn)
 c - a +0 buckler (worn)
 k - a +0 leather armour of cold resistance
Scrolls
 n - a scroll of identify
Potions
 d - 2 potions of might
 e - a potion of lignification {unknown}
 h - a potion of haste {unknown}
 j - a potion of heal wounds
 l - 3 potions of curing
 r - a potion of invisibility {unknown}

Dungeon Overview and Level Annotations

Branches:
Dungeon (4/15)
 Temple: D:4-7

Altars:
Trog

Shops:
D:1 [

Annotations:
D:1 2 transporters


Message History

Enter note:
Enter note:
Enter note:
Enter note:
Enter note:
Enter note:
Enter note:
Enter note:
Enter note:
Enter note:
Enter note:
Enter note: You hit the black bear.
You feel better.
The black bear is lightly wounded.
The black bear bites you but does no damage.
You block the black bear's attack. The black bear claws you.
You slash the black bear!
You feel better.
The black bear is heavily wounded.
The black bear bites you but does no damage.
The black bear claws you but does no damage.
The black bear claws you.
You hit the black bear.
The black bear is severely wounded.
The black bear goes berserk!
The black bear misses you. The black bear claws you.
The black bear barely misses you.
You barely miss the black bear.
The black bear is severely wounded.
The black bear bites you!
The black bear claws you but does no damage.
You block the black bear's attack. The black bear barely misses you.
The black bear claws you but does no damage.
The black bear misses you.
You barely miss the black bear.
The black bear is severely wounded.
The black bear closely misses you. The black bear claws you. x2
You barely miss the black bear.
The black bear is severely wounded.
The black bear bites you. The black bear barely misses you. x2
The black bear bites you!
You die...

#.........####...........#
#........................#
#.....>..................#
#.....##.................#####
#.....##..[..............'....
#....<##.................#####
#.....##.................'....
#.....####...h...........#####
####### #...@...........#
#########'##########.#
#.............## #.#
#.....###.###..#####.#
#....##.....##....##.#
#....#..#.#..#.#.....#
#......#)#.#...##..###
#....#..#.#..#.##..#
#....##.....##.##..#


You could see a black bear (berserk).

Vanquished Creatures
  An orc wizard (D:3)
  3 adders
  A worm (D:2)
  A dart slug (D:1)
  3 orcs (D:3)
  4 ball pythons
  3 bats
  4 endoplasms
  4 giant cockroaches
  4 goblins
  5 hobgoblins
  4 quokkas
  2 frilled lizards
  6 kobolds
  7 rats
52 creatures vanquished.

Notes
Turn   | Place    | Note
-------+----------+-------------------------------------------
     0 | D:1      | qw the Gargoyle Fighter began the quest for the Orb.
     0 | D:1      | Reached XP level 1. HP: 14/14 MP: 1/1
     0 | D:1      | 0 ||| qw: Version: 0.2-a-101-gf8a7cd0
     0 | D:1      | 0 ||| qw: Game counter: 274
     0 | D:1      | 0 ||| qw: Always use a shield: true
     0 | D:1      | 0 ||| qw: God list: Okawaru
     0 | D:1      | 0 ||| qw: Allow faded altars: false
     0 | D:1      | 0 ||| qw: Do Orc after D:15 true
     0 | D:1      | 0 ||| qw: Do second Lair branch before Depths: true
     0 | D:1      | 0 ||| qw: Lair rune preference: random
     0 | D:1      | 0 ||| qw: Plans: Normal, Zot:1-4, Slime:5, God:TSO, Crypt,
                  | Tomb, Pan, Hells, Abyss, Win
     0 | D:1      | 0 ||| PLANNING D:1-11
    36 | D:1      | Reached skill level 2 in Axes
    91 | D:1      | You fall into a shaft and drop 1 floor!
   119 | D:2      | 119 ||| READING 3 scrolls labelled YNONET BAEKO.
   120 | D:2      | 120 ||| DROPPING 2 scrolls of fog.
   131 | D:1      | Reached XP level 2. HP: 12/19 MP: 2/2
   134 | D:1      | 134 ||| FLEEEEING.
   363 | D:1      | Found a transporter.
   371 | D:1      | Found Duhuups's Armour Shoppe.
   480 | D:1      | 480 ||| Stepping ~*~*~tactically~*~*~ (stealth).
   482 | D:1      | 482 ||| Stepping ~*~*~tactically~*~*~ (stealth).
   492 | D:1      | Reached skill level 3 in Axes
   573 | D:1      | Found a transporter.
   688 | D:1      | Reached XP level 3. HP: 23/23 MP: 3/3
   817 | D:1      | 817 ||| READING 3 scrolls labelled KAUPNA WUTAGARPH.
   818 | D:1      | 818 ||| READING 2 scrolls of brand weapon.
   818 | D:1      | 818 ||| BRANDING +0 heavy war axe.
   819 | D:1      | 819 ||| READING scroll of brand weapon.
   819 | D:1      | 819 ||| BRANDING +0 war axe of venom.
   820 | D:1      | 820 ||| READING scroll labelled MISOIHANOY.
  1584 | D:2      | 1584 ||| READING scroll labelled OKHLELA MESKIAS.
  1585 | D:2      | 1585 ||| READING scroll labelled NAOGIU BELAYRR.
  1586 | D:2      | 1586 ||| DRINKING 2 puce potions.
  1587 | D:2      | 1587 ||| READING 2 scrolls of identify.
  1587 | D:2      | 1587 ||| IDENTIFYING murky cyan potion
  1588 | D:2      | 1588 ||| DROPPING potion of degeneration.
  1636 | D:3      | 1636 ||| Stepping ~*~*~tactically~*~*~ (hiding).
  1645 | D:3      | Reached XP level 4. HP: 23/28 MP: 4/4
  1653 | D:3      | 1653 ||| Stepping ~*~*~tactically~*~*~ (stealth).
  1666 | D:3      | 1666 ||| Stepping ~*~*~tactically~*~*~ (stealth).
  1667 | D:3      | 1667 ||| Stepping ~*~*~tactically~*~*~ (stealth).
  1673 | D:3      | Reached skill level 4 in Axes
  1675 | D:3      | 1675 ||| DROPPING +0 whip.
  2016 | D:3      | Found a bloodstained altar of Trog.
  2246 | D:3      | 2246 ||| READING scroll labelled YRPHEI IBIEG.
  2247 | D:3      | 2247 ||| READING scroll labelled MIMPAE KUGE.
  2248 | D:3      | 2248 ||| READING scroll labelled VAGERO EC FAGIO.
  2251 | D:3      | 2251 ||| READING scroll labelled AFUOHI YWNY.
  2252 | D:3      | 2252 ||| READING scroll labelled QODUQU GEMA.
  2253 | D:3      | 2253 ||| DRINKING 4 yellow potions.
  2260 | D:4      | Noticed a black bear
  2264 | D:4      | 2264 ||| STAIRDANCE
  2271 | D:3      | HP: 4/28 [black bear (4)]
  2271 | D:3      | Slain by a black bear

Levels and vault maps discovered:
D:1:      dpeg_arrival_simpleton_b, layout_loops_cross, serial_shops,
          nicolae_shop_drivethru
D:2:      layout_basic, st_stairs_9
D:3:      layout_basic, trog_book, minmay_box_of_dots
D:4:      layout_rooms, general_overflow_altar, nicolae_dithmenos_shadow_blocks,
          minmay_temple_entry_butterflies, serial_shops, shop,
          nicolae_shop_overgrown_old_shop, nicolae_square_shop,
          nicolae_shop_window_shopping, shop, chequers_serial_rivers_marsh,
          kennysheep_crisscross, uniq_pikel, uniq_duvessa, uniq_blork_the_orc

Skill      XL: |  1  2  3  4 |
---------------+-------------+-----
Axes           | 2 3 4 |  4.5
Fighting       | |  3.2
Armour         | |  3.2
Shields        | |  3.2

Action                     |  1- 3 |  4- 6 || total
---------------------------+-------+-------++-------
  Melee: War axe           |   119 |    39 ||   158
  Throw: Boomerang         |       |    15 ||    15
    Use: Scroll            |     8 |     5 ||    13
         Potion            |     1 |     1 ||     2
 Armour: Scale mail        |    62 |    21 ||    83
  Dodge: Dodged            |    46 |    20 ||    66
  Block: Buckler           |    19 |    10 ||    29

Table legend:
 A = Non-vault XP
 B = Vault XP
 C = Vault XP percentage of total XP
 D = Non-vault monster count
 E = Vault monster count
 F = Vault count percentage of total count
                 A         B        C        D         E       F
            +---------+---------+-------+---------+---------+-------
      Total |     154 |       8 |   4.9 |      47 |       5 |   9.6
            +---------+---------+-------+---------+---------+-------
        D:1 |      41 |       0 |   0.0 |      24 |       0 |   0.0
        D:2 |      36 |       3 |   7.7 |      13 |       2 |  13.3
        D:3 |      77 |       5 |   6.1 |      10 |       3 |  23.1
            +---------+---------+-------+---------+---------+-------
